Map: Orbital Shipyard

Players

AceVenturaPD - Winner!

  • Race: Zerg Zerg
  • League: Diamond

Fiend

  • Race: Terran Terran
  • League: Platinum

VOD

Have the link to the VOD?

Description

Time

  • Played on: March 27, 2016, 10:12 p.m.
  • Length: 20:02
Show
View Real Time Build Order
Export as new Build Order

AceVenturaPD Zerg - Winner!

Build Orders: Hatch First, Lurkers, Muta Ling Bane 

Get SALT Encoding   

  12  0:02  Drone  
  13  0:14  Drone  
  13  0:17  Overlord  
  14  0:39  Drone x3  
  17  0:53  Hatchery  
  16  1:04  Extractor  
  15  1:11  Spawning Pool  
  15  1:12  Drone  
  15  1:15  Drone  
  16  1:23  Drone  
  17  1:27  Drone  
  18  1:49  Overlord  
  18  1:58  Queen  
  18  2:00  Zergling x4  
  22  2:05  Metabolic Boost  
  22  2:09  Queen  
  22  2:11  Drone  
  22  2:14  Drone  
  26  2:41  Queen  
  28  2:45  Queen  
  30  2:56  Overlord  
  30  2:57  Zergling x4  
  32  3:08  Drone  
  32  3:09  Drone x3  
  32  3:10  Overlord  
  36  3:26  Pneumatized Carapace  
  36  3:28  Overlord  
  36  3:31  Drone x4  
  40  3:54  Drone x3  
  43  3:58  Lair  
  43  4:01  Hatchery  
  42  4:14  Drone x5  
  42  4:15  Drone x2  
  49  4:24  Evolution Chamber, Drone  
  48  4:25  Drone  
  48  4:26  Baneling Nest  
  48  4:27  Drone  
  50  4:41  Drone x3, Extractor  
  50  4:43  Extractor  
  51  4:52  Overlord x2  
  51  5:07  Zerg Melee Weapons Level 1  
  51  5:11  Baneling x3  
  51  5:14  Baneling  
  51  5:19  Zergling x12  
  51  5:20  Zergling x8  
  61  5:45  Spire  
  61  5:47  Drone x4, Extractor  
  63  5:56  Drone x3  
  66  5:59  Overlord x3  
  66  6:00  Drone  
  66  6:01  Drone  
  68  6:23  Centrifical Hooks  
  66  6:37  Zergling x18  
  66  6:39  Drone x4  
  80  6:40  Drone  
  80  6:46  Hatchery  
  80  6:47  Hydralisk Den  
  78  6:50  Spore Crawler x2  
  76  7:03  Baneling  
  76  7:04  Baneling x6  
  76  7:05  Baneling  
  76  7:17  Spore Crawler  
  76  7:19  Spore Crawler  
  76  7:21  Drone x6, Extractor  
  76  7:22  Extractor  
  78  7:24  Zerg Melee Weapons Level 2  
  78  7:27  Muscular Augments  
  78  7:28  Mutalisk  
  80  7:30  Evolution Chamber  
  80  7:33  Zergling x2  
  80  7:34  Zergling x26  
  87  7:50  Zergling x2  
  87  7:51  Zergling x22  
  75  8:11  Mutalisk x4  
  82  8:18  Zerg Ground Armor Level 1  
  82  8:26  Drone  
  83  8:27  Drone x2  
  83  8:28  Drone x3  
  87  8:50  Lurker Den  
  87  8:52  Overlord x2  
  87  8:53  Overlord  
  87  8:56  Drone x2  
  87  8:57  Drone  
  87  8:58  Drone x3  
  87  8:59  Infestation Pit  
  87  9:00  Hydralisk x7  
  106  9:21  Baneling  
  106  9:22  Baneling x3  
  104  9:51  Hive  
  104  9:52  Pathogen Glands  
  104  9:56  Baneling x7  
  104  9:57  Baneling x2  
  104  10:10  Hatchery  
  103  10:15  Zerg Missile Weapons Level 1  
  103  10:16  Zerg Ground Armor Level 2  
  103  10:21  Lurker x3  
  106  10:22  Lurker  
  107  10:33  Zergling x2  
  107  10:34  Zergling x30  
  123  10:43  Spine Crawler, Hydralisk  
  123  10:44  Hydralisk  
  118  11:25  Infestor x5  
  120  11:31  Lurker x2  
  130  11:35  Baneling x4  
  130  11:36  Baneling  
  130  11:45  Drone  
  130  11:46  Drone x3  
  134  11:49  Overlord x5  
  134  11:51  Ultralisk Cavern  
  133  12:22  Drone x3  
  123  12:55  Zergling x4  
  123  12:56  Zergling x26, Ultralisk x2  
  123  12:57  Ultralisk x3, Zergling x2  
  123  12:58  Zergling x8  
  173  13:04  Overlord x4  
  173  13:05  Zerg Missile Weapons Level 2  
  133  13:37  Hydralisk  
  133  13:38  Hydralisk x11  
  157  14:02  Hydralisk x8  
  159  14:06  Baneling  
  159  14:07  Baneling  
  159  14:08  Baneling  
  166  14:49  Hatchery  
  165  14:54  Corruptor x6  
  177  15:01  Extractor  
  177  15:02  Extractor  
  175  15:13  Zergling x18  
  175  15:14  Zergling x10  
  189  15:15  Hatchery  
  188  15:40  Baneling x4  
  188  15:41  Baneling x7  
  188  15:46  Zergling x2  
  188  15:47  Zergling x22  
  200  16:35  Spore Crawler  
  200  16:36  Spore Crawler  
  163  17:08  Zergling x34  
  161  17:09  Zergling x54  
  194  17:39  Drone  
  194  17:40  Drone x2  
  194  17:42  Drone x3  
  197  18:16  Drone x2  
  197  18:17  Drone, Extractor x2  
  198  18:33  Burrow  
  198  18:45  Baneling  
  198  18:46  Baneling x13  
  174  19:18  Drone x3  
  174  19:21  Zergling x22  
  174  19:22  Zergling x6  
  191  19:24  Baneling  
  191  19:25  Baneling x10  
Show
View Real Time Build Order
Export as new Build Order

Fiend Terran 

Build Orders: Reaper Expand, Bio Tank 

Get SALT Encoding   

  12  0:00  SCV  
  13  0:13  SCV  
  14  0:18  Supply Depot  
  14  0:25  SCV  
  15  0:28  Refinery  
  15  0:40  SCV  
  16  0:45  Barracks  
  16  0:52  SCV  
  17  1:09  SCV  
  18  1:21  SCV  
  19  1:32  Reaper  
  19  1:34  Orbital Command  
  20  1:47  Command Center  
  20  2:00  Factory  
  20  2:03  SCV  
  21  2:09  Supply Depot  
  21  2:13  Barracks Reactor  
  21  2:21  SCV  
  22  2:27  Refinery  
  21  2:33  SCV  
  22  2:45  SCV  
  22  2:46  Factory Tech Lab  
  22  2:48  Marine  
  22  2:49  Marine  
  25  2:57  SCV  
  26  3:08  Starport  
  26  3:09  Orbital Command  
  26  3:12  Marine  
  26  3:13  Marine  
  26  3:14  SCV  
  26  3:19  Refinery  
  29  3:25  Siege Tank  
  29  3:26  SCV  
  33  3:32  Marine  
  33  3:33  Marine  
  35  3:40  SCV x2  
  36  3:49  Barracks  
  36  3:52  SCV  
  37  3:58  SCV  
  37  3:59  Supply Depot  
  38  4:03  Medivac  
  38  4:05  SCV  
  38  4:07  Marine  
  42  4:11  SCV  
  42  4:13  Marine  
  44  4:20  Siege Tank  
  44  4:21  SCV  
  44  4:24  Supply Depot  
  48  4:26  SCV  
  48  4:29  Marine  
  48  4:31  Marine  
  51  4:33  SCV  
  52  4:39  Barracks Tech Lab  
  52  4:42  SCV  
  52  4:45  SCV  
  54  4:47  Marine, Supply Depot  
  54  4:48  Marine  
  56  4:53  Siege Tank  
  56  4:54  SCV, Starport Reactor  
  56  4:57  SCV  
  56  4:59  Marine, Stimpack  
  62  5:08  SCV  
  62  5:09  SCV  
  62  5:10  Barracks  
  62  5:11  Supply Depot  
  64  5:15  Supply Depot  
  64  5:23  Marine x3  
  64  5:25  Siege Tank  
  70  5:38  SCV x2  
  70  5:40  Marine  
  73  5:48  Command Center  
  73  5:56  SCV x2  
  75  5:57  Marine  
  75  5:58  Engineering Bay  
  75  5:59  Barracks Reactor  
  75  6:01  Engineering Bay  
  76  6:05  Marine x2  
  76  6:08  SCV x2  
  76  6:09  Siege Tank  
  83  6:15  Marine  
  84  6:20  SCV x2  
  84  6:22  Supply Depot  
  84  6:23  Supply Depot  
  86  6:27  Marine x2  
  76  6:32  SCV  
  76  6:33  SCV  
  76  6:37  Missile Turret  
  77  6:41  Missile Turret  
  77  6:44  SCV  
  77  6:46  SCV  
  79  6:52  Siege Tank  
  83  7:01  SCV x2  
  83  7:04  Marine x2  
  83  7:06  Terran Infantry Weapons Level 1  
  83  7:07  Terran Infantry Armor Level 1  
  86  7:22  Command Center  
  86  7:24  Siege Tank  
  86  7:28  Marine x5  
  94  7:32  Medivac  
  88  7:51  Marine x5  
  75  7:56  Siege Tank  
  67  8:08  Marine x2  
  67  8:10  Marine x3  
  67  8:12  Orbital Command  
  69  8:14  SCV x2  
  69  8:26  Marine x2  
  69  8:27  Bunker x2  
  63  8:28  Marine x2, Siege Tank  
  63  8:30  Medivac, Armory  
  63  8:32  Viking  
  72  8:40  SCV x3  
  76  8:48  Marine x3  
  75  8:50  Marine x2  
  75  8:52  SCV  
  81  8:58  Liberator  
  81  9:00  Refinery, Siege Tank  
  84  9:06  Marine x2  
  86  9:10  Marine x2  
  86  9:11  Marine  
  86  9:12  SCV  
  86  9:13  SCV  
  94  9:20  Missile Turret  
  94  9:22  Missile Turret  
  94  9:24  Marine  
  94  9:30  Marine  
  94  9:31  Marine x2  
  97  9:32  SCV x3  
  97  9:33  Siege Tank  
  104  9:39  Marine  
  104  9:41  Marine  
  106  9:54  Marine x2  
  106  9:55  Marine  
  106  9:57  Marine  
  110  10:01  Refinery  
  110  10:02  Marine, Terran Infantry Weapons Level 2  
  110  10:05  SCV x2, Siege Tank  
  110  10:06  SCV  
  117  10:12  Marine x3  
  120  10:25  Planetary Fortress  
  120  10:27  SCV x2  
  120  10:28  SCV  
  123  10:29  Marine x2  
  123  10:30  Marine  
  126  10:39  Marine x2  
  126  10:42  Combat Shields  
  128  10:43  SCV x3  
  128  10:47  Marine  
  132  10:52  Command Center  
  132  10:54  Supply Depot  
  132  10:56  Supply Depot  
  132  10:57  Supply Depot  
  132  10:58  Barracks  
  132  11:00  Barracks  
  132  11:06  Barracks  
  132  11:10  Marine x2, Liberator x2  
  132  11:12  Marine x3  
  132  11:13  Siege Tank  
  124  11:28  Marine x2  
  124  11:30  Marine x2  
  126  11:35  SCV, Factory  
  126  11:36  SCV x2  
  129  11:42  Refinery  
  129  11:45  Refinery, Siege Tank  
  129  11:47  Missile Turret  
  132  11:48  Missile Turret  
  132  11:49  Missile Turret  
  132  11:51  SCV x3, Missile Turret  
  135  11:55  Sensor Tower  
  135  11:56  Marine x4, Sensor Tower  
  135  11:57  Barracks Reactor  
  135  11:58  Barracks Reactor  
  135  11:59  Barracks Tech Lab  
  139  12:11  Liberator  
  139  12:16  Marine x5  
  139  12:17  Siege Tank  
  147  12:26  Marine  
  151  12:33  Marine  
  137  12:46  Marine  
  137  12:47  Marine x7  
  137  12:49  Factory Reactor  
  145  13:00  SCV x3  
  134  13:22  Liberator  
  134  13:24  Marine  
  134  13:25  Marine x4  
  134  13:26  Siege Tank  
  126  13:27  Hellion x2  
  126  13:28  SCV x3  
  118  13:37  Marine x5  
  118  13:40  Medivac  
  128  13:42  Terran Infantry Weapons Level 3, Marine x3, Terran Infantry Armor Level 2  
  122  13:51  Command Center  
  122  13:57  Marine x6  
  122  13:58  Marine, Siege Tank  
  131  14:03  Marine  
  131  14:04  Marine  
  131  14:14  Marine  
  131  14:15  Marine x2  
  131  14:16  Hellion  
  134  14:17  Hellion  
  134  14:18  Marine  
  134  14:19  Marauder, Marine  
  134  14:20  Marauder  
  134  14:22  Medivac  
  144  14:26  Marine x2  
  144  14:27  SCV  
  147  14:35  Refinery  
  147  14:36  Planetary Fortress  
  119  14:46  Missile Turret  
  119  14:48  Missile Turret  
  119  14:50  Marine  
  119  14:51  Marine x4  
  113  15:04  Ghost Academy  
  113  15:13  Barracks  
  113  15:14  Barracks  
  113  15:16  Barracks  
  113  15:20  Marine  
  113  15:21  Marine x6  
  116  15:24  Marauder  
  122  15:33  Liberator  
  122  15:34  Liberator  
  122  15:44  Ghost  
  122  15:45  Ghost  
  122  15:46  Marine x5  
  122  15:47  Marine x3  
  122  15:48  SCV  
  135  15:54  Widow Mine x2  
  135  15:56  Widow Mine  
  147  16:06  Barracks Tech Lab x2  
  147  16:07  Barracks Tech Lab  
  147  16:11  Terran Infantry Armor Level 3  
  147  16:13  Concussive Shells  
  147  16:14  Marauder  
  149  16:26  Marine x6  
  149  16:27  Marine x3  
  158  16:37  Marine x3  
  97  17:05  Marine x2  
  97  17:06  Marine x7  
  97  17:07  Ghost x3  
  97  17:08  Ghost  
  83  17:19  Siege Tank  
  83  17:20  Hellion x2  
  90  17:23  Marine x4  
  90  17:24  Marine  
  95  17:34  Marine x2  
  95  17:35  Marine  
  98  17:46  Widow Mine x2  
  102  18:01  Marine x4, Ghost x2  
  99  18:06  Widow Mine  
  99  18:08  Marine  
  102  18:47  Marine x2  
  102  18:48  Marine x5  
  104  19:08  Marine x3  
  84  19:13  Marine  
  83  19:52  Missile Turret  
Tags
 
Add a new tag
Caveats
  • Supply blocks, unpowered buildings, or Contaminate may cause inaccurate times.
  • Supply counts are checked every 10 seconds.